 Dungeon Sprint DCSS version 0.17.0-28-g6e173f8 (webtiles) character file.

271166 Avanven the Imperceptible (level 12, 55/61 HPs)
             Began as a Spriggan Enchanter on Nov 23, 2015.
             Was the Champion of Dithmenos.
             Escaped with the Orb!
             The game lasted 00:17:58 (2824 turns).

Avanven the Imperceptible (Spriggan Enchanter)      Turns: 2824, Time: 00:17:58

Health: 55/61      AC:  3    Str:  4    XL:     12   Next: 16%
Magic:  27/27      EV: 30    Int: 22    God:    Dithmenos [******]
Gold:   409        SH:  0    Dex: 20    Spells: 3 memorised, 25 levels left

rFire  + + .     SeeInvis +     a - +1 dagger
rCold  . . .     Clarity  .     e - +1 robe {MR+}
rNeg   + . .     SustAt   .     (shield restricted)
rPois  .         Gourm    .     (helmet restricted)
rElec  .         Spirit   .     (no cloak)
rCorr  .         Warding  +     (gloves unavailable)
rMut   .         NoTele   +     (boots unavailable)
MR     +++++                    q - amulet of Acux Moda {Ward rF++ rN+ Int-2 Dex+3}
Stlth  +++++++...               k - ring of the Mage {Wiz MR++ Int+3}
                                v - ring of flight

@: wreathed by umbra, very quick, almost entirely resistant to hostile
enchantments, extremely stealthy
A: unfitting armour, see invisible, herbivore 3, speed 3, slow metabolism 2
a: Shadow Step, Shadow Form, Renounce Religion, Evoke Flight
0: Orb of Zot


You escaped.
You worshipped Dithmenos.
Dithmenos was exalted by your worship.
You were hungry.

You visited 1 branch You collected 1558 gold pieces.
You spent 1149 gold pieces at shops.

Inventory:

Hand Weapons
 a - a +1 dagger (weapon)
 r - a +0 short sword of draining
Armour
 b - a +1 robe
 e - a +1 robe of magic resistance (worn)
Rods
 t - a +4 rod of shadows (10/10)
   (You found it in the Dungeon)
Jewellery
 g - an uncursed ring of protection from magic {unknown}
 k - the ring of the Mage (right hand) {Wiz MR++ Int+3}
   (You found it in the Dungeon)

   [ring of wizardry]

   It improves your spell success rate.
   It affects your intelligence (+3).
   It affects your resistance to hostile enchantments.
 l - an uncursed ring of protection from cold
 q - the amulet of Acux Moda (around neck) {Ward rF++ rN+ Int-2 Dex+3}
   (You bought it in a shop in the Dungeon)

   [amulet of warding]

   It may prevent the melee attacks of summoned creatures.
   It affects your intelligence (-2).
   It affects your dexterity (+3).
   It greatly protects you from fire.
   It protects you from negative energy.
 v - a ring of flight (left hand)
Wands
 o - a wand of digging (8)
Scrolls
 j - a scroll of blinking
 m - a scroll of acquirement {unknown}
 n - a scroll of magic mapping {unknown}
 s - a scroll of enchant weapon {unknown}
 u - a scroll of recharging {unknown}
Potions
 f - 2 potions of heal wounds
 h - 2 potions of magic
 i - a potion of berserk rage
 p - 2 potions of curing
Books
 c - a book of Maledictions

   Spells                             Type                      Level
   a - Corona                         Hexes                        1
   b - Ensorcelled Hibernation        Hexes/Ice                    2
   c - Confuse                        Hexes                        3
   d - Tukima's Dance                 Hexes                        3
   e - Dazzling Spray                 Conjuration/Hexes            3
Comestibles
 d - 2 bread rations


   Skills:
 - Level 6.1 Fighting
 + Level 17.4 Short Blades
 - Level 12.3 Dodging
 + Level 24.7 Stealth
 - Level 10.3 Spellcasting
 - Level 16.3 Hexes


You had 25 spell levels left.
You knew the following spells:

 Your Spells              Type           Power        Failure   Level  Hunger
a - Corona                Hex            ######.      0%          1    None
b - Ensorcelled Hibernat  Hex/Ice        #####.       1%          2    None
c - Confuse               Hex            ######..     1%          3    None


Dungeon Overview and Level Annotations

Branches:
Dungeon (1/1)

Altars:
Cheibriados
Dithmenos
Elyvilon
Fedhas
Gozag
Kikubaaqudgha
Makhleb
Nemelex Xobeh
Okawaru
Qazlal
Ru
Sif Muna
Trog
Vehumet
Xom
Yredelemnul
Zin
The Shining One
Jiyva

Shops:
D [*!(==*?[}*![**[*

Annotations:
D Tiamat


Innate Abilities, Weirdness & Mutations

You are tiny and cannot use many weapons and most armour.
You have supernaturally acute eyesight.
You are a herbivore.
You cover ground extremely quickly.
You need consume almost no food.


Message History

You are starting to lose your buoyancy.
There is an open door here.
There is an open door here.
There is an open door here.
You float gracefully downwards.
There is an open door here.
You avoid triggering an arrow trap.
There is an arrow trap here.
There is an open door here.
There is an open door here.
Things that are here:
a scythe; a robe
There is an open door here.
You see here a giant spiked club.
There is an open door here.
You see here a dagger.
There is an open door here.
There is a staircase leading out of the dungeon here.
You can't go down here!
You have escaped!

##################
#@.#.)'..#..'..#__
#..'..#.)').#..'^.
#..#####'#####'#__
#..####..#...#(###
#..#__####..##(#≈§
#..#_..__##'#..§§§
#⌠⌠#_.∩...'..._#≈≈
####_..._##_.#'##'
#_____###'#.#).


There were no monsters in sight!

Vanquished Creatures
  4 fire giants (D)
  2 centaur warriors (D)
  Sonja (D)
  7 unseen horrors (D)
  A lindwurm (D)
  A deep troll (D)
  An oklob plant (D)
  2 kobold demonologists (D)
  4 demonic crawlers (D)
  A slime creature (D)
  4 trapdoor spiders (D)
  Sigmund (D)
  A yak (D)
  13 hogs (D)
  A wasp (D)
  An ogre (D)
  7 necrophages (D)
  8 jellies (D)
  Ijyb (D)
  3 giant eyeballs (D)
64 creatures vanquished.

Vanquished Creatures (others)
  2 giant spores (D)
2 creatures vanquished.

Grand Total: 66 creatures vanquished

Notes
Turn   | Place    | Note
--------------------------------------------------------------
     0 | D        | Avanven the Spriggan Enchanter began the quest for the Orb.
     0 | D        | Reached XP level 1. HP: 9/9 MP: 5/5
     1 | D        | Noticed Ijyb
    16 | D        | Killed Ijyb
    16 | D        | Reached skill level 6 in Stealth
    16 | D        | Reached skill level 5 in Hexes
    16 | D        | Reached XP level 2. HP: 11/13 MP: 3/6
    59 | D        | Learned a level 2 spell: Ensorcelled Hibernation
    59 | D        | Noticed an ogre
    63 | D        | Killed an ogre
    63 | D        | Reached skill level 5 in Short Blades
    63 | D        | Reached skill level 9 in Stealth
    63 | D        | Reached XP level 3. HP: 16/16 MP: 5/8
    63 | D        | Reached XP level 4. HP: 21/21 MP: 5/9
   102 | D        | Noticed Sigmund
   106 | D        | Killed Sigmund
   106 | D        | Reached skill level 11 in Stealth
   106 | D        | Reached XP level 5. HP: 24/24 MP: 5/10
   111 | D        | Learned a level 3 spell: Confuse
   159 | D        | Found a snail-covered altar of Cheibriados.
   159 | D        | Found a viscous altar of Jiyva.
   159 | D        | Found a shadowy altar of Dithmenos.
   159 | D        | Found a blossoming altar of Fedhas.
   159 | D        | Noticed a slime creature
   168 | D        | Killed a slime creature
   168 | D        | Reached skill level 13 in Stealth
   168 | D        | Reached skill level 10 in Hexes
   168 | D        | Reached XP level 6. HP: 24/28 MP: 4/11
   209 | D        | Became a worshipper of Dithmenos the Shadowed
   213 | D        | Found a deep blue altar of Sif Muna.
   213 | D        | Noticed a jelly
   215 | D        | Found a radiant altar of Vehumet.
   219 | D        | Killed a jelly
   221 | D        | Found Poovvuado's General Store.
   221 | D        | Found a white marble altar of Elyvilon.
   221 | D        | Found a stormy altar of Qazlal.
   221 | D        | Found a burning altar of Makhleb.
   221 | D        | Found a sacrificial altar of Ru.
   221 | D        | Found a basalt altar of Yredelemnul.
   221 | D        | Found a glowing golden altar of the Shining One.
   221 | D        | Found a sparkling altar of Nemelex Xobeh.
   221 | D        | Found a shimmering altar of Xom.
   221 | D        | Found an opulent altar of Gozag.
   221 | D        | Found an ancient bone altar of Kikubaaqudgha.
   221 | D        | Found a glowing silver altar of Zin.
   221 | D        | Noticed a yak
   222 | D        | Found an iron altar of Okawaru.
   223 | D        | Killed a yak
   223 | D        | Reached skill level 14 in Stealth
   223 | D        | Reached XP level 7. HP: 32/32 MP: 10/12
   224 | D        | Found a bloodstained altar of Trog.
   256 | D        | Noticed Sonja
   260 | D        | Killed Sonja
   260 | D        | Reached * piety under Dithmenos
   260 | D        | Reached skill level 15 in Stealth
   260 | D        | Reached XP level 8. HP: 36/36 MP: 13/13
   272 | D        | Noticed a deep troll
   276 | D        | Killed a deep troll
   276 | D        | Reached skill level 5 in Spellcasting
   286 | D        | Found Joym's Armour Emporium.
   306 | D        | Found Tittiad's Antique Armour Boutique.
   346 | D        | Noticed a kobold demonologist
   347 | D        | Noticed a kobold demonologist
   351 | D        | Killed a kobold demonologist
   351 | D        | Reached ** piety under Dithmenos
   351 | D        | Reached skill level 16 in Stealth
   353 | D        | Killed a kobold demonologist
   353 | D        | Reached XP level 9. HP: 39/39 MP: 17/21
   391 | D        | Noticed a centaur warrior
   391 | D        | Noticed a centaur warrior
   401 | D        | Killed a centaur warrior
   401 | D        | Reached skill level 17 in Stealth
   412 | D        | Killed a centaur warrior
   412 | D        | Reached skill level 18 in Stealth
   412 | D        | Reached skill level 10 in Spellcasting
   412 | D        | Reached skill level 15 in Hexes
   485 | D        | Noticed a wasp
   488 | D        | Killed a wasp
   488 | D        | Reached *** piety under Dithmenos
   499 | D        | Noticed an oklob plant
   501 | D        | Killed an oklob plant
   501 | D        | Reached XP level 10. HP: 42/47 MP: 25/25
   508 | D        | Noticed a trapdoor spider
   510 | D        | Noticed a trapdoor spider
   516 | D        | Killed a trapdoor spider
   520 | D        | Killed a trapdoor spider
   692 | D        | Noticed a trapdoor spider
   698 | D        | Noticed a trapdoor spider
   699 | D        | Killed a trapdoor spider
   699 | D        | Reached skill level 10 in Dodging
   702 | D        | Killed a trapdoor spider
   731 | D        | Noticed an unseen horror
   732 | D        | Noticed an unseen horror
   738 | D        | Killed an unseen horror
   738 | D        | Reached **** piety under Dithmenos
   738 | D        | Reached skill level 5 in Fighting
   740 | D        | Killed an unseen horror
   751 | D        | Noticed a jelly
   751 | D        | Noticed a jelly
   766 | D        | Noticed a jelly
   766 | D        | Noticed a jelly
   766 | D        | Noticed a jelly
   766 | D        | Noticed a jelly
   766 | D        | Noticed a jelly
   766 | D        | Noticed a necrophage
   766 | D        | Noticed a necrophage
   768 | D        | Killed a jelly
   769 | D        | Killed a jelly
   770 | D        | Killed a jelly
   770 | D        | Reached ***** piety under Dithmenos
   772 | D        | Killed a jelly
   773 | D        | Noticed a necrophage
   792 | D        | Killed a jelly
   793 | D        | Killed a jelly
   800 | D        | Killed a necrophage
   808 | D        | Killed a necrophage
   813 | D        | Killed a jelly
  1016 | D        | Noticed a necrophage
  1016 | D        | Noticed a necrophage
  1016 | D        | Noticed a necrophage
  1016 | D        | Noticed a necrophage
  1019 | D        | Killed a necrophage
  1020 | D        | Killed a necrophage
  1022 | D        | Killed a necrophage
  1024 | D        | Killed a necrophage
  1025 | D        | Killed a necrophage
  1025 | D        | Reached ****** piety under Dithmenos
  1050 | D        | Found Mevoeci's Antique Weapon Shoppe.
  1050 | D        | Found Leraqiy's Distillery.
  1050 | D        | Found Edwusen's Jewellery Boutique.
  1052 | D        | Found Weblaota's Jewellery Emporium.
  1052 | D        | Found Ene Taej's Assorted Antiques.
  1052 | D        | Found Tyfoij's Magic Scroll Shoppe.
  1052 | D        | Found Zituotuc's Antique Armour Boutique.
  1052 | D        | Found Koeheut's Gadget Emporium.
  1052 | D        | Found Qiecot's Assorted Antiques.
  1052 | D        | Found Waif's Distillery.
  1056 | D        | Found Soetad's Armour Boutique.
  1057 | D        | Found Notur's General Store.
  1057 | D        | Found Myneq's Assorted Antiques.
  1058 | D        | Found Uwun's General Store.
  1072 | D        | Bought a wand of digging (9) for 364 gold pieces
  1390 | D        | Bought the amulet of Acux Moda {Ward rF++ rN+ Int-2 Dex+3} for 540 gold pieces
  1439 | D        | Noticed a shining eye
  1439 | D        | Noticed a shining eye
  1439 | D        | Noticed a shining eye
  1440 | D        | Noticed a shining eye
  1440 | D        | Noticed a shining eye
  1440 | D        | Noticed a shining eye
  1477 | D        | Noticed a demonic crawler
  1477 | D        | Noticed a demonic crawler
  1477 | D        | Noticed a demonic crawler
  1477 | D        | Noticed a demonic crawler
  1497 | D        | Killed a demonic crawler
  1497 | D        | Reached skill level 19 in Stealth
  1597 | D        | Killed a demonic crawler
  1924 | D        | Killed a demonic crawler
  2028 | D        | Killed a demonic crawler
  2188 | D        | Noticed a lindwurm
  2190 | D        | Killed a lindwurm
  2190 | D        | Reached XP level 11. HP: 56/56 MP: 26/26
  2196 | D        | Noticed a hog
  2196 | D        | Noticed a hog
  2196 | D        | Noticed a hog
  2196 | D        | Noticed a hog
  2196 | D        | Noticed a hog
  2197 | D        | Noticed a hog
  2197 | D        | Noticed a hog
  2198 | D        | Noticed a hog
  2198 | D        | Noticed a hog
  2198 | D        | Noticed a hog
  2198 | D        | Killed a hog
  2199 | D        | Killed a hog
  2199 | D        | Reached skill level 20 in Stealth
  2201 | D        | Killed a hog
  2202 | D        | Killed a hog
  2203 | D        | Noticed a hog
  2203 | D        | Noticed a hog
  2203 | D        | Killed a hog
  2205 | D        | Killed a hog
  2206 | D        | Killed a hog
  2207 | D        | Noticed a hog
  2208 | D        | Killed a hog
  2209 | D        | Killed a hog
  2210 | D        | Killed a hog
  2212 | D        | Killed a hog
  2213 | D        | Killed a hog
  2213 | D        | Reached skill level 21 in Stealth
  2215 | D        | Killed a hog
  2220 | D        | Noticed a daeva
  2224 | D        | Noticed an unseen horror
  2224 | D        | Noticed an unseen horror
  2224 | D        | Noticed an unseen horror
  2224 | D        | Noticed an unseen horror
  2226 | D        | Killed an unseen horror
  2228 | D        | Noticed an unseen horror
  2237 | D        | Killed an unseen horror
  2240 | D        | Killed an unseen horror
  2246 | D        | Killed an unseen horror
  2246 | D        | Reached skill level 15 in Short Blades
  2246 | D        | Reached skill level 22 in Stealth
  2257 | D        | Killed an unseen horror
  2493 | D        | Noticed a fire giant
  2496 | D        | Noticed a fire giant
  2497 | D        | Noticed a fire giant
  2498 | D        | Noticed a fire giant
  2500 | D        | Killed a fire giant
  2500 | D        | Reached skill level 23 in Stealth
  2504 | D        | Killed a fire giant
  2506 | D        | Killed a fire giant
  2506 | D        | Reached skill level 24 in Stealth
  2506 | D        | Reached XP level 12. HP: 61/61 MP: 27/27
  2508 | D        | Killed a fire giant
  2527 | D        | Noticed Tiamat
  2665 | D        | Bought an uncursed ring of flight for 245 gold pieces
  2758 | D        | Got the Orb of Zot
  2824 | D        | Escaped with the Orb!

Action                   |  1- 3 |  4- 6 |  7- 9 | 10-12 || total
-------------------------+-------+-------+-------+-------++-------
Melee: Dagger            |    12 |     8 |    20 |    85 ||   125
 Cast: Corona            |     2 |       |       |       ||     2
       Ensorcelled Hiber |     1 |     2 |       |       ||     3
       Confuse           |       |     2 |     3 |    35 ||    40
 Abil: Evoke Flight      |       |       |       |     1 ||     1
Evoke: Wand              |       |       |       |     1 ||     1
  Use: Potion            |       |       |     1 |     1 ||     2
       Scroll            |       |       |     1 |       ||     1
 Stab: Sleeping          |     2 |     3 |     7 |    32 ||    44
       Confused          |       |     2 |     4 |    17 ||    23
